HSSL
INDIANAPOLIS HS CHAOS @ BUCHANAN HS
05/13/2028
 
TOP OF THE 1ST
Indianapolis HS Chaos batting - Pitching for Buchanan HS : RHP Roberto Pérez
Pitching: RHP Roberto Pérez
Batting: LHB Jason Hudson 0-0: Ball
1-0: Ball
2-0: Called Strike
2-1: Fly out, F7 (Line Drive, 78M)
Batting: LHB Chris Russell 0-0: Foul Ball, location: 2F
0-1: Ball
1-1: Called Strike
1-2: Ball
2-2: Foul Ball, location: 2F
2-2: Ball
3-2: Base on Balls
Batting: RHB Bryan Reed 0-0: Ball
1-0: Foul Ball, location: 2F
1-1: Foul Ball, location: 2F
1-2: Ball
2-2: Ball
3-2: Base on Balls
Chris Russell to second
Batting: RHB Andy Norris 0-0: Ball
1-0: SINGLE (Line Drive, 6MD)
Chris Russell to third
Bryan Reed to second
Batting: LHB William Morgan 0-0: Ball
1-0: Foul Ball, location: 2F
1-1: Swinging Strike
1-2: DOUBLE (Flyball, 7LM)
Chris Russell scores
Bryan Reed scores
Andy Norris to third
Batting: RHB Brian Carriaga 0-0: Ball
Wild Pitch!
Andy Norris scores
William Morgan to third
1-0: Fly out, F9 (Flyball, 9LM)
Runner from 3rd tags up, OUT at HOME
Top of the 1st over - 3 run(s), 2 hit(s), 0 error(s), 0 left on base; Indianapolis HS 3 - Buchanan HS 0
BOTTOM OF THE 1ST
Buchanan HS batting - Pitching for Indianapolis HS Chaos : RHP Jack Dundee
Pitching: RHP Jack Dundee
Batting: LHB José Martínez 0-0: Called Strike
0-1: Swinging Strike
0-2: Foul Ball, location: 2F
0-2: Strikes out swinging
Batting: LHB Perry Hayward 0-0: Called Strike
0-1: Foul Ball, location: 2F
0-2: Strikes out swinging
Batting: LHB Edgar Cameron 0-0: Called Strike
0-1: Foul Ball, location: 2F
0-2: Strikes out swinging
Bottom of the 1st over - 0 run(s), 0 hit(s), 0 error(s), 0 left on base; Indianapolis HS 3 - Buchanan HS 0
TOP OF THE 2ND
Indianapolis HS Chaos batting - Pitching for Buchanan HS : RHP Roberto Pérez
Batting: SHB Jimmy Bullock 0-0: Swinging Strike
0-1: Ball
1-1: Reached on error, E5 (Groundball, 5L)
Batting: RHB António Solís 0-0: Called Strike
0-1: Ball
1-1: SINGLE (Line Drive, 8RS)
Jimmy Bullock to third
Batting: RHB Warren Norton 0-0: Called Strike
0-1: Foul Ball, location: 2F
0-2: Strikes out swinging
Batting: LHB Jason Hudson 0-0: Ball
1-0: Foul Ball, location: 2F
1-1: Ball
2-1: Called Strike
2-2: Foul Ball, location: 2F
2-2: Foul Ball, location: 2F
2-2: Foul Ball, location: 2F
2-2: Strikes out swinging
Batting: LHB Chris Russell 0-0: Called Strike
0-1: Foul Ball, location: 2F
0-2: Ball
1-2: Ball
2-2: Ball
3-2: SINGLE (Groundball, P) (infield hit)
Jimmy Bullock scores
António Solís to second
Batting: RHB Bryan Reed 0-0: Foul Ball, location: 2F
0-1: DOUBLE (Line Drive, 9LD)
António Solís scores
Chris Russell to third
Batting: RHB Andy Norris 0-0: Called Strike
0-1: Swinging Strike
0-2: Foul Ball, location: 2F
0-2: Ball
1-2: Strikes out swinging
Top of the 2nd over - 2 run(s), 3 hit(s), 1 error(s), 2 left on base; Indianapolis HS 5 - Buchanan HS 0
BOTTOM OF THE 2ND
Buchanan HS batting - Pitching for Indianapolis HS Chaos : RHP Jack Dundee
Batting: LHB Franklin Jackson 0-0: Foul Ball, location: 2F
0-1: Swinging Strike
0-2: Ball
1-2: Strikes out looking
Batting: SHB Christian Dennis 0-0: Called Strike
0-1: Ball
1-1: Ball
2-1: Foul Ball, location: 2F
2-2: Ball
3-2: Foul Ball, location: 2F
3-2: Ground out 4-3 (Groundball, 4S)
Batting: RHB Ánibal Vega 0-0: Foul Ball, location: 2F
0-1: Swinging Strike
0-2: Hit by Pitch
Batting: RHB Dave Burchette 0-0: Foul Ball, location: 2F
0-1: Ball
1-1: Ball
2-1: Foul Ball, location: 2F
2-2: Foul Ball, location: 2F
2-2: Ball
3-2: SINGLE (Line Drive, 9LS)
Ánibal Vega to second
Ánibal Vega to third
Batting: RHB Jim Williams 0-0: Ball
1-0: Foul Ball, location: 2F
1-1: 3-RUN HOME RUN (Flyball, 8RXD), Distance : 434 ft
Batting: LHB Jeff MacKinney 0-0: Ball
1-0: SINGLE (Line Drive, 34D)
Batting: LHB José Martínez 0-0: Ball
1-0: Ball
2-0: Called Strike
2-1: Foul Ball, location: 2F
2-2: Foul Ball, location: 2F
2-2: Foul Ball, location: 2F
2-2: SINGLE (Groundball, 56S) (infield hit)
Jeff MacKinney to second
Batting: LHB Perry Hayward 0-0: Ball
1-0: Called Strike
1-1: DOUBLE (Flyball, 89D)
Jeff MacKinney scores
José Martínez to third
Runner from 3rd tries for Home, SAFE, no throw
Batting: LHB Edgar Cameron 0-0: Called Strike
0-1: Ball
1-1: Foul Ball, location: 2F
1-2: Strikes out swinging
Bottom of the 2nd over - 5 run(s), 5 hit(s), 0 error(s), 1 left on base; Indianapolis HS 5 - Buchanan HS 5
TOP OF THE 3RD
Indianapolis HS Chaos batting - Pitching for Buchanan HS : RHP Roberto Pérez
Batting: LHB William Morgan 0-0: Ball
1-0: Fly out, F7 (Flyball, 7)
Batting: RHB Brian Carriaga 0-0: Called Strike
0-1: Ball
1-1: Ball
2-1: Ball
3-1: Base on Balls
Batting: SHB Jimmy Bullock 0-0: Called Strike
0-1: Ball
1-1: Called Strike
1-2: Foul Ball, location: 2F
1-2: Foul Ball, location: 2F
1-2: Strikes out swinging
Batting: RHB António Solís 0-0: Called Strike
0-1: Ball
1-1: Ground out 4-3 (Groundball, 4)
Top of the 3rd over - 0 run(s), 0 hit(s), 0 error(s), 1 left on base; Indianapolis HS 5 - Buchanan HS 5
BOTTOM OF THE 3RD
Buchanan HS batting - Pitching for Indianapolis HS Chaos : RHP Jack Dundee
Batting: LHB Franklin Jackson 0-0: Called Strike
0-1: Fly out, F8 (Flyball, 78D)
Batting: SHB Christian Dennis 0-0: Ball
1-0: Foul Ball, location: 2F
1-1: Foul Ball, location: 2F
1-2: Foul Ball, location: 2F
1-2: Foul Ball, location: 2F
1-2: Ball
2-2: Foul Ball, location: 2F
2-2: Ball
3-2: Base on Balls
Batting: RHB Ánibal Vega 0-0: Foul Ball, location: 2F
0-1: Swinging Strike
0-2: Strikes out looking
Batting: RHB Dave Burchette 0-0: Fly out, F8 (Flyball, 89M)
Bottom of the 3rd over - 0 run(s), 0 hit(s), 0 error(s), 1 left on base; Indianapolis HS 5 - Buchanan HS 5
TOP OF THE 4TH
Indianapolis HS Chaos batting - Pitching for Buchanan HS : RHP Roberto Pérez
Batting: RHB Warren Norton 0-0: Ball
1-0: Foul Ball, location: 2F
1-1: Swinging Strike
1-2: Reached on error, E6 (Groundball, 6)
Batting: LHB Jason Hudson 0-0: Called Strike
0-1: Fly out, F7 (Flyball, 78M)
Batting: LHB Chris Russell 0-0: Ball
Warren Norton steals 2nd base
1-0: Foul Ball, location: 2F
1-1: Ball
2-1: Foul Ball, location: 2F
2-2: Strikes out swinging
Pitching: RHP Jesús Caballero
Batting: RHB Bryan Reed 0-0: Foul Ball, location: 2F
0-1: Called Strike
0-2: Ball
1-2: Foul Ball, location: 2F
1-2: Strikes out swinging
Top of the 4th over - 0 run(s), 0 hit(s), 1 error(s), 1 left on base; Indianapolis HS 5 - Buchanan HS 5
BOTTOM OF THE 4TH
Buchanan HS batting - Pitching for Indianapolis HS Chaos : RHP Jack Dundee
Batting: RHB Jim Williams 0-0: Called Strike
0-1: Swinging Strike
0-2: Foul Ball, location: 2F
0-2: Strikes out swinging
Batting: LHB Jeff MacKinney 0-0: Ball
1-0: Called Strike
1-1: SINGLE (Line Drive, 34D)
Batting: LHB José Martínez 0-0: Ball
1-0: Called Strike
1-1: Ball
2-1: Ball
3-1: Foul Ball, location: 2F
3-2: Base on Balls
Jeff MacKinney to second
Batting: LHB Perry Hayward 0-0: Called Strike
0-1: Called Strike
0-2: Ball
1-2: Foul Ball, location: 2F
1-2: Ball
2-2: Ball
3-2: Base on Balls
Jeff MacKinney to third
José Martínez to second
Pitching: LHP Leonardo Casas
Batting: LHB Edgar Cameron 0-0: Called Strike
0-1: Swinging Strike
0-2: Ball
1-2: Ball
2-2: Grounds into double play, 4-6-3 (Groundball, 4)
Bottom of the 4th over - 0 run(s), 1 hit(s), 0 error(s), 2 left on base; Indianapolis HS 5 - Buchanan HS 5
TOP OF THE 5TH
Indianapolis HS Chaos batting - Pitching for Buchanan HS : RHP Jesús Caballero
Batting: RHB Andy Norris 0-0: Foul Ball, location: 2F
0-1: Foul Ball, location: 2F
0-2: SINGLE (Groundball, 56D)
Batting: LHB William Morgan 0-0: Ball
1-0: Ball
2-0: Called Strike
2-1: Foul Ball, location: 2F
2-2: Ball
3-2: TRIPLE (Flyball, 9LM)
Andy Norris scores
Batting: RHB Brian Carriaga 0-0: Ball
Passed Ball!
William Morgan scores
1-0: Foul Ball, location: 2F
1-1: Called Strike
1-2: Ball
2-2: Foul Ball, location: 2F
2-2: Strikes out swinging
Batting: SHB Jimmy Bullock 0-0: Called Strike
0-1: Fly out, F2 (Popup, P)
Batting: RHB António Solís 0-0: Called Strike
0-1: Ball
1-1: Called Strike
1-2: Foul Ball, location: 2F
1-2: Strikes out looking
Top of the 5th over - 2 run(s), 2 hit(s), 0 error(s), 0 left on base; Indianapolis HS 7 - Buchanan HS 5
BOTTOM OF THE 5TH
Buchanan HS batting - Pitching for Indianapolis HS Chaos : LHP Leonardo Casas
Batting: LHB Franklin Jackson 0-0: Ball
1-0: Foul Ball, location: 2F
1-1: Ground out 6-3 (Groundball, 6D)
Batting: SHB Christian Dennis 0-0: Foul Ball, location: 2F
0-1: Foul Ball, location: 2F
0-2: Fly out, F6 (Popup, 6)
Batting: RHB Ánibal Vega 0-0: Fly out, F9 (Flyball, 9S)
Bottom of the 5th over - 0 run(s), 0 hit(s), 0 error(s), 0 left on base; Indianapolis HS 7 - Buchanan HS 5
TOP OF THE 6TH
Indianapolis HS Chaos batting - Pitching for Buchanan HS : RHP Jesús Caballero
Batting: RHB Warren Norton 0-0: Called Strike
0-1: Called Strike
0-2: Ball
1-2: Ball
2-2: SINGLE (Line Drive, 8RS)
Batting: LHB Jason Hudson 0-0: Foul Ball, location: 2F
0-1: Foul Ball, location: 2F
0-2: Ball
Warren Norton is caught stealing 2nd base
1-2: Ball
2-2: Ball
3-2: DOUBLE (Line Drive, 78M)
Batting: LHB Chris Russell 0-0: Ball
1-0: Foul Ball, location: 2F
1-1: Swinging Strike
1-2: Ground out 6-3 (Groundball, 56)
Batting: RHB Bryan Reed 0-0: Ball
Jason Hudson steals 3rd base
1-0: Called Strike
1-1: Foul Ball, location: 2F
1-2: Strikes out looking
Top of the 6th over - 0 run(s), 2 hit(s), 0 error(s), 1 left on base; Indianapolis HS 7 - Buchanan HS 5
BOTTOM OF THE 6TH
Buchanan HS batting - Pitching for Indianapolis HS Chaos : LHP Leonardo Casas
Batting: RHB Dave Burchette 0-0: Swinging Strike
0-1: Ball
1-1: Foul Ball, location: 2F
1-2: SINGLE (Line Drive, 8RS)
Batting: RHB Jim Williams 0-0: Called Strike
0-1: Ball
1-1: Ball
2-1: Ball
3-1: Called Strike
3-2: Foul Ball, location: 2F
3-2: Base on Balls
Dave Burchette to second
Batting: LHB Jeff MacKinney 0-0: Ball
1-0: Foul Ball, location: 2F
1-1: Swinging Strike
1-2: Strikes out swinging
Batting: LHB José Martínez 0-0: Fielders Choice at 2nd, 5-4 (Groundball, 56)
Dave Burchette to third
Batting: LHB Perry Hayward 0-0: Ball
1-0: Called Strike
1-1: Foul Ball, location: 2F
1-2: Ball
2-2: Ground out 1-3 (Groundball, P)
Bottom of the 6th over - 0 run(s), 1 hit(s), 0 error(s), 2 left on base; Indianapolis HS 7 - Buchanan HS 5
TOP OF THE 7TH
Indianapolis HS Chaos batting - Pitching for Buchanan HS : RHP Jesús Caballero
Batting: RHB Andy Norris 0-0: Called Strike
0-1: Swinging Strike
0-2: Ball
1-2: SINGLE (Flyball, 9S)
Pitching: LHP Chris Miller
Batting: LHB William Morgan 0-0: Ball
1-0: Grounds into double play, 6-4-3 (Groundball, 6M)
Batting: RHB Brian Carriaga 0-0: Ball
1-0: Ball
2-0: Called Strike
2-1: Ball
3-1: Called Strike
3-2: DOUBLE (Line Drive, 9D)
Batting: SHB Jimmy Bullock 0-0: Ball
1-0: Called Strike
1-1: Ball
2-1: Ground out 6-3 (Groundball, 6)
Top of the 7th over - 0 run(s), 2 hit(s), 0 error(s), 1 left on base; Indianapolis HS 7 - Buchanan HS 5
BOTTOM OF THE 7TH
Buchanan HS batting - Pitching for Indianapolis HS Chaos : LHP Leonardo Casas
Batting: LHB Edgar Cameron 0-0: Ball
1-0: Ball
2-0: Swinging Strike
2-1: Ball
3-1: Foul Ball, location: 2F
3-2: Ground out 3-1 (Groundball, 34)
Batting: LHB Franklin Jackson 0-0: Ball
1-0: Ball
2-0: Ball
3-0: Called Strike
3-1: Foul Ball, location: 2F
3-2: Strikes out looking
Pitching: RHP Kenny Baker
Batting: SHB Christian Dennis 0-0: Swinging Strike
0-1: Foul Ball, location: 2F
0-2: Ball
1-2: Ball
2-2: Ball
3-2: SINGLE (Line Drive, 5D)
Batting: RHB Ánibal Vega 0-0: Foul Ball, location: 2F
0-1: Swinging Strike
0-2: Ball
1-2: Ball
2-2: Fly out, F8 (Flyball, 8RM)
Bottom of the 7th over - 0 run(s), 1 hit(s), 0 error(s), 1 left on base; Indianapolis HS 7 - Buchanan HS 5
TOP OF THE 8TH
Indianapolis HS Chaos batting - Pitching for Buchanan HS : LHP Chris Miller
Batting: RHB António Solís 0-0: Ball
1-0: Ball
2-0: Ground out U3 (Groundball, 3)
Batting: RHB Warren Norton 0-0: Ball
1-0: Ball
2-0: Swinging Strike
2-1: Ball
3-1: Base on Balls
Batting: LHB Jason Hudson 0-0: Called Strike
0-1: Called Strike
0-2: Strikes out swinging
Batting: LHB Chris Russell 0-0: Called Strike
Throwing error on steal attempt, E2
Warren Norton to third
0-1: Foul Ball, location: 2F
0-2: Ball
1-2: Foul Ball, location: 2F
1-2: Foul Ball, location: 2F
1-2: Ground out 4-3 (Groundball, 4M)
Top of the 8th over - 0 run(s), 0 hit(s), 1 error(s), 1 left on base; Indianapolis HS 7 - Buchanan HS 5
BOTTOM OF THE 8TH
Buchanan HS batting - Pitching for Indianapolis HS Chaos : RHP Kenny Baker
Batting: RHB Dave Burchette 0-0: Called Strike
0-1: Foul Ball, location: 2F
0-2: Ground out 6-3 (Groundball, 6)
Batting: RHB Jim Williams 0-0: Called Strike
0-1: Foul Ball, location: 2F
0-2: Ball
1-2: Ball
2-2: Ball
3-2: Foul Ball, location: 2F
3-2: Base on Balls
Pitching: LHP Andy Fitzpatrick
Batting: LHB Jeff MacKinney 0-0: Called Strike
0-1: Ball
1-1: Swinging Strike
1-2: Ball
2-2: Strikes out looking
Batting: LHB José Martínez 0-0: Ball
1-0: Ball
2-0: Ball
3-0: Base on Balls
Jim Williams to second
Batting: LHB Perry Hayward 0-0: Ball
1-0: Called Strike
1-1: Ball
2-1: Ball
3-1: Called Strike
3-2: SINGLE (Groundball, 4MD)
Jim Williams to third
José Martínez to second
Jim Williams scores
José Martínez to third
Batting: LHB Edgar Cameron 0-0: Foul Ball, location: 2F
0-1: DOUBLE (Flyball, 8RD)
José Martínez scores
Perry Hayward to third
Runner from 3rd tries for Home, SAFE, no throw
Pitching: RHP David Alomar
Batting: LHB Franklin Jackson 0-0: Ball
1-0: Ball
2-0: Ground out U3 (Groundball, 34)
Bottom of the 8th over - 3 run(s), 2 hit(s), 0 error(s), 1 left on base; Indianapolis HS 7 - Buchanan HS 8
TOP OF THE 9TH
Indianapolis HS Chaos batting - Pitching for Buchanan HS : LHP Chris Miller
Pitching: RHP Tom Boucher
Now at 2B: Len Valadez
Batting: RHB Bryan Reed 0-0: Ball
1-0: Called Strike
1-1: Ball
2-1: Ball
3-1: Called Strike
3-2: Base on Balls
Batting: RHB Andy Norris 0-0: SINGLE (Line Drive, 4) (infield hit)
Bryan Reed to second
Batting: LHB William Morgan 0-0: Called Strike
0-1: Called Strike
0-2: Fielders Choice at 2nd, 6-4 (Groundball, 6)
Bryan Reed to third
Batting: RHB Brian Carriaga 0-0: Swinging Strike
0-1: Foul Ball, location: 2F
0-2: Ball
1-2: Ball
2-2: Strikes out swinging
Batting: SHB Jimmy Bullock 0-0: Called Strike
0-1: Foul Ball, location: 2F
0-2: Reached on error, E6 (Groundball, 6)
Bryan Reed scores
William Morgan to second
Pinch Hitting: RHB Eric Pierce 0-0: Ball
1-0: Foul Ball, location: 2F
1-1: Called Strike
1-2: Strikes out swinging
Top of the 9th over - 1 run(s), 1 hit(s), 1 error(s), 2 left on base; Indianapolis HS 8 - Buchanan HS 8
BOTTOM OF THE 9TH
Buchanan HS batting - Pitching for Indianapolis HS Chaos : RHP David Alomar
Pitching: RHP Ben Johnston
Now at C: Héctor Núñez
Batting: SHB Christian Dennis 0-0: Ball
1-0: Foul Ball, location: 2F
1-1: Ball
2-1: Swinging Strike
2-2: Ball
3-2: Foul Ball, location: 2F
3-2: SINGLE (Groundball, 56D)
Batting: RHB Ánibal Vega 0-0: Sac Bunt - play at first, batter OUT! 2-4
Christian Dennis to second
Batting: RHB Dave Burchette 0-0: Intentional Walk
Batting: RHB Jim Williams 0-0: Called Strike
0-1: Ball
1-1: Swinging Strike
1-2: Ball
2-2: Foul Ball, location: 2F
2-2: Ball
3-2: Strikes out swinging
Batting: LHB Jeff MacKinney 0-0: Ball
1-0: Ball
2-0: Ball
3-0: Base on Balls
Christian Dennis to third
Dave Burchette to second
Batting: LHB José Martínez 0-0: Foul Ball, location: 2F
0-1: Fielders Choice at 2nd, 4-6 (Groundball, 4)
Bottom of the 9th over - 0 run(s), 1 hit(s), 0 error(s), 2 left on base; Indianapolis HS 8 - Buchanan HS 8
TOP OF THE 10TH
Indianapolis HS Chaos batting - Pitching for Buchanan HS : RHP Tom Boucher
Batting: RHB Warren Norton 0-0: Ground out 6-3 (Groundball, 6)
Batting: LHB Jason Hudson 0-0: Ball
1-0: Ball
2-0: Foul Ball, location: 2F
2-1: SINGLE (Line Drive, 56)
Batting: LHB Chris Russell 0-0: Ball
1-0: Ball
2-0: Ball
3-0: Called Strike
3-1: Base on Balls
Jason Hudson to second
Batting: RHB Bryan Reed 0-0: Ball
1-0: Called Strike
1-1: Foul Ball, location: 2F
1-2: Ball
2-2: Ball
3-2: Base on Balls
Jason Hudson to third
Chris Russell to second
Batting: RHB Andy Norris 0-0: Grounds into double play, 6-2-3 (Groundball, 6)
Top of the 10th over - 0 run(s), 1 hit(s), 0 error(s), 2 left on base; Indianapolis HS 8 - Buchanan HS 8
BOTTOM OF THE 10TH
Buchanan HS batting - Pitching for Indianapolis HS Chaos : RHP Ben Johnston
Batting: LHB Perry Hayward 0-0: Ball
1-0: Called Strike
1-1: SINGLE (Groundball, 6MD)
Batting: RHB Len Valadez 0-0: Called Strike
0-1: Fly out, F9 (Flyball, 89M)
Batting: LHB Franklin Jackson 0-0: Foul Ball, location: 2F
0-1: Foul Ball, location: 2F
0-2: Ball
1-2: Ball
2-2: Strikes out swinging
Batting: SHB Christian Dennis 0-0: Ball
1-0: Foul Ball, location: 2F
1-1: Foul Ball, location: 2F
1-2: Strikes out looking
Bottom of the 10th over - 0 run(s), 1 hit(s), 0 error(s), 1 left on base; Indianapolis HS 8 - Buchanan HS 8
TOP OF THE 11TH
Indianapolis HS Chaos batting - Pitching for Buchanan HS : RHP Tom Boucher
Pitching: RHP Rusty Silva
Batting: LHB William Morgan 0-0: Ball
1-0: Called Strike
1-1: Ball
2-1: Fly out, F7 (Flyball, 78M)
Batting: RHB Brian Carriaga 0-0: Ball
1-0: Called Strike
1-1: Foul Ball, location: 2F
1-2: Ball
2-2: Ball
3-2: Base on Balls
Batting: SHB Jimmy Bullock 0-0: Swinging Strike
Error on foul ball, E2
0-2: SINGLE (Groundball, 6MD)
Brian Carriaga to second
Batting: RHB Héctor Núñez 0-0: Ball
1-0: Fly out, F8 (Flyball, 8LD)
Runner from 2nd tags up, SAFE at 3rd, no throw
Batting: RHB Warren Norton 0-0: Ball
1-0: Foul Ball, location: 2F
1-1: Ball
2-1: Foul Ball, location: 2F
2-2: Strikes out swinging
Top of the 11th over - 0 run(s), 1 hit(s), 1 error(s), 2 left on base; Indianapolis HS 8 - Buchanan HS 8
BOTTOM OF THE 11TH
Buchanan HS batting - Pitching for Indianapolis HS Chaos : RHP Ben Johnston
Pitching: RHP Denny Herbert
Batting: RHB Ánibal Vega 0-0: Ball
1-0: Ball
2-0: Called Strike
2-1: Foul Ball, location: 2F
2-2: Hit by Pitch
Batting: RHB Dave Burchette 0-0: Called Strike
0-1: Ball
1-1: Sac Bunt - play at first, batter OUT! 1-3
Ánibal Vega to second
Batting: RHB Jim Williams 0-0: Called Strike
0-1: Ball
1-1: Ball
2-1: Swinging Strike
2-2: Foul Ball, location: 2F
2-2: Strikes out swinging
Batting: LHB Jeff MacKinney 0-0: Foul Ball, location: 2F
0-1: Called Strike
0-2: Hit by Pitch
Batting: LHB José Martínez 0-0: Ball
1-0: Called Strike
1-1: Ground out 3-1 (Groundball, 34)
Bottom of the 11th over - 0 run(s), 0 hit(s), 0 error(s), 2 left on base; Indianapolis HS 8 - Buchanan HS 8
TOP OF THE 12TH
Indianapolis HS Chaos batting - Pitching for Buchanan HS : RHP Rusty Silva
Batting: LHB Jason Hudson 0-0: Called Strike
0-1: DOUBLE (Flyball, 9)
Batting: LHB Chris Russell 0-0: Ball
1-0: Ball
2-0: Ball
3-0: Base on Balls
Batting: RHB Bryan Reed 0-0: Ball
1-0: Ball
2-0: Ball
3-0: Base on Balls
Jason Hudson to third
Chris Russell to second
Batting: RHB Andy Norris 0-0: Called Strike
0-1: Foul Ball, location: 2F
0-2: Ball
Wild Pitch!
Jason Hudson scores
Chris Russell to third
Bryan Reed to second
1-2: DOUBLE (Line Drive, 8LD)
Chris Russell scores
Bryan Reed scores
Batting: LHB William Morgan 0-0: Intentional Walk
Pitching: RHP Richard Anthony
Batting: RHB Brian Carriaga 0-0: Called Strike
0-1: Ball
1-1: Reached on error, E5 (Groundball, 5)
Andy Norris to third
William Morgan to second
Batting: SHB Jimmy Bullock 0-0: Called Strike
0-1: Called Strike
0-2: Grounds into double play, 3-2-3 (Groundball, 3L)
William Morgan to third
Brian Carriaga to second
Batting: RHB Héctor Núñez 0-0: Called Strike
0-1: Foul Ball, location: 2F
0-2: Ball
1-2: Strikes out looking
Top of the 12th over - 3 run(s), 2 hit(s), 1 error(s), 2 left on base; Indianapolis HS 11 - Buchanan HS 8
BOTTOM OF THE 12TH
Buchanan HS batting - Pitching for Indianapolis HS Chaos : RHP Denny Herbert
Batting: LHB Perry Hayward 0-0: Swinging Strike
0-1: Foul Ball, location: 2F
0-2: Strikes out swinging, 2-3 out at first.
Batting: RHB Len Valadez 0-0: Called Strike
0-1: Fly out, F9 (Flyball, 9S)
Batting: LHB Franklin Jackson 0-0: Ball
1-0: Swinging Strike
1-1: Ball
2-1: Foul Ball, location: 2F
2-2: Strikes out looking
Bottom of the 12th over - 0 run(s), 0 hit(s), 0 error(s), 0 left on base; Indianapolis HS 11 - Buchanan HS 8
Tuesday, August 8th, 2017 - OOTP Baseball 17.12 Build 75